 Dungeon Crawl Stone Soup version 0.28-a0-1429-gf3d713df7a (webtiles) character file.

Game seed: 17292534812140608333

28 bande the Skirmisher (level 3, 22/30 HPs)
             Began as a Formicid Fighter on Jan 9, 2022.
             Quit the game on level 2 of the Dungeon.
             The game lasted 00:01:29 (1041 turns).

bande the Skirmisher (Formicid Fighter)             Turns: 1041, Time: 00:01:30

Health: 22/30      AC:  6    Str: 20    XL:     3   Next: 30%
Magic:  3/3        EV:  9    Int:  7    God:
Gold:   87         SH:  5    Dex: 12    Spells: 2/2 levels left

rFire   . . .      SeeInvis +   a - +0 war axe
rCold   . . .      Faith    .   c - +0 buckler
rNeg    . . .      Spirit   .   b - +0 scale mail
rPois   .          Reflect  .   (helmet unavailable)
rElec   .          Harm     .   (no cloak)
rCorr   .          Rampage  .   (no gloves)
Will    .....                   (no boots)
Stlth   ..........              (no amulet)
HPRegen 0.10/turn               (no ring)
MPRegen 0.08/turn               (no ring)

@: no status effects
A: permanent stasis, dig shafts and tunnels, antennae 3, four strong arms
a: Dig, Shaft Self


You were on level 2 of the Dungeon.
You visited 1 branch of the dungeon, and saw 2 of its levels.

You collected 87 gold pieces.

Inventory:

Hand Weapons
 a - a +0 war axe (weapon)
 g - a +0 war axe
Armour
 b - a +0 scale mail (worn)
 c - a +0 buckler (worn)
Potions
 d - a potion of might
 i - a potion of curing


   Skills:
 + Level 4.0 Fighting
 + Level 2.1 Axes
 + Level 3.6 Armour
 + Level 3.9 Shields


You had 2 spell levels left.
You didn't know any spells.
Your spell library was empty.

Dungeon Overview and Level Annotations

Branches:
Dungeon (2/15)

Altars:


Innate Abilities, Weirdness & Mutations

You cannot be hasted, slowed, berserked, paralysed or teleported.
You can dig through walls and to a lower floor.
You have a pair of large antennae on your head. (SInv)
Your four strong arms can wield two-handed weapons with a shield.


Message History

You hear a loud clanging noise!
It was a scroll of noise.
You hear a shout! x2; You hear an angry hiss.
You hear a shout! x3
As you read the scroll labelled CAYNOQINKA, it crumbles to dust.
You feel a strange sense of stasis.
It was a scroll of teleportation.
As you read the scroll labelled YLUTHR BUTA, it crumbles to dust.
It is a scroll of identify.
i - a potion of curing You sense a monster nearby.
An adder comes into view.
You closely miss the adder. The adder bites you.
A hobgoblin comes into view.
The adder barely misses you.
You closely miss the adder.
The adder bites you but does no damage. x2
You closely miss the adder. The adder barely misses you. The adder bites you.
You barely miss the adder. The adder bites you but does no damage.
The adder completely misses you.
You hit the adder.
The adder is lightly wounded.
The adder bites you but does no damage. The adder bites you.
You miss the adder.
The adder is lightly wounded.
You closely miss the hobgoblin. You block the adder's attack.
The hobgoblin hits you but does no damage.
The adder barely misses you. You block the hobgoblin's attack.
You miss the adder.
The adder is lightly wounded.
You hit the hobgoblin but do no damage. The adder closely misses you.
The hobgoblin hits you but does no damage.
The adder barely misses you.
You slash the adder!
You kill the adder!
You hit the hobgoblin.
The hobgoblin hits you but does no damage.
Your Fighting skill increases to level 4!
You have reached level 3!
Your experience leads to an increase in your attributes!
Increase (S)trength, (I)ntelligence, or (D)exterity?
You feel agile. x2
Are you sure you want to abandon this character and quit the game? (Confirm with "yes".)

.#######............#
{
.....................{
.##########.###.######
#....##+#####
#...........#
#...........#
#....†......#
#...........#
#.....@.....#
.......g.....#
..............#
...............#
.................
..............###
......##.##### ......
#.#


You could see a hobgoblin.

Vanquished Creatures
  An adder (D:2)
  A dart slug (D:1)
  A ball python (D:1)
  An endoplasm (D:1)
  A giant cockroach (D:1)
  4 hobgoblins
  3 kobolds (D:1)
  A quokka (D:1)
  A bat (D:2)
  A frilled lizard (D:1)
  A rat (D:1)
16 creatures vanquished.

Notes
Turn   | Place    | Note
-------+----------+-------------------------------------------
     0 | D:1      | bande the Formicid Fighter began the quest for the Orb.
     0 | D:1      | Reached XP level 1. HP: 18/18 MP: 1/1
    79 | D:1      | Reached XP level 2. HP: 24/24 MP: 2/2
  1041 | D:2      | Reached skill level 4 in Fighting
  1041 | D:2      | Reached XP level 3. HP: 22/30 MP: 3/3
  1041 | D:2      | Quit the game

Illustrated notes

Levels and vault maps discovered:
D:1:      psy_arrival_spokes, layout_basic
D:2:      layout_basic, basic_altar

Skill      XL: |  1  2 |
---------------+-------+-----
Fighting       | 4 |  4.0
Axes           | |  2.1
Armour         | |  3.6
Shields        | |  3.9

Action                   || total
-------------------------++-------
Melee: War axe           ||    43
  Use: Scroll            ||     3
Armor: Scale mail        ||    14
Dodge: Dodged            ||    19
Block: Buckler           ||     9

Table legend: (Time is in decaauts)
 A = Elapsed time spent in this place.
 B = Non-inter-level travel time spent in this place.
 C = Inter-level travel time spent in this place.
 D = Time resting spent in this place.
 E = Time spent auto-exploring this place.
 F = Levels seen in this place.
 G = Mean time per level.
                   A        B        C        D        E       F      G
               +--------+--------+--------+--------+--------+-----+--------+
         Total |   1059 |   1059 |      0 |      0 |    881 |   2 |  529.5 |
       Dungeon |   1059 |   1059 |      0 |      0 |    881 |   2 |  529.5 |
               +--------+--------+--------+--------+--------+-----+--------+

Top non-repeatable levels by time:
     D:1: 979 daAuts
     D:2: 79 daAuts
